Map: Sunset Valley LE

Players

chris

  • Race: Zerg Zerg
  • Spawn Location: 5:00

FlawlessMinD

  • Race: Zerg Zerg
  • Spawn Location: 5:00

kazuki

  • Race: Protoss Protoss
  • Spawn Location: 5:00

DogZilla

  • Race: Zerg Zerg
  • Spawn Location: 6:00

noobella

  • Race: Protoss Protoss
  • Spawn Location: 9:00

Teodora

  • Race: Protoss Protoss
  • League: Diamond
  • Spawn Location: 12:00

Jura

  • Race: Protoss Protoss
  • League: Silver
  • Spawn Location: 12:00

MooEsqoo

  • Race: Protoss Protoss
  • Spawn Location: 11:00

VOD

Have the link to the VOD?

Description

Time

  • Played on: Nov. 26, 2019, 7:47 a.m.
  • Length: 16:04
Show
View Real Time Build Order
Export as new Build Order

chris Zerg 

Build Orders: Hatch First 

Get SALT Encoding   

  12  0:01  Drone  
  13  0:09  Drone  
  14  0:18  Overlord  
  14  0:25  Extractor  
  14  0:26  Drone  
  15  0:48  Hatchery  
  14  0:50  Drone  
  14  0:53  Drone  
  16  1:10  Spawning Pool  
  15  1:12  Drone  
  15  1:15  Extractor  
  15  1:17  Drone  
  16  1:21  Drone  
  17  1:28  Overlord  
  17  1:34  Drone  
  18  1:45  Drone  
  19  1:57  Queen  
  19  2:00  Queen  
  23  2:03  Zergling x2  
  23  2:04  Zergling x2  
  23  2:08  Zergling x2  
  26  2:15  Metabolic Boost  
  26  2:18  Zergling x2  
  26  2:20  Zergling x2  
  28  2:27  Zergling x2  
  29  2:31  Zergling x2  
  29  2:34  Zergling x2  
  31  2:41  Zergling x2  
  32  2:56  Zergling x6  
  34  3:05  Zergling x2  
  34  3:06  Overlord  
  34  3:19  Drone x2  
  36  3:25  Drone x3  
  36  3:26  Drone x2  
  41  3:43  Drone x3  
  41  3:45  Overlord x3  
  44  4:03  Queen  
  46  4:11  Drone x6  
  51  4:22  Drone  
  52  4:39  Drone x5  
  57  4:51  Drone x2  
  59  4:58  Zergling x4  
  56  5:06  Zergling x4  
  54  5:10  Spine Crawler x2  
  54  5:11  Spine Crawler x2  
  54  5:13  Spine Crawler  
  49  5:15  Spore Crawler x2  
  49  5:17  Spore Crawler x3  
  36  5:32  Extractor  
  36  5:33  Drone x4  
  39  5:40  Drone x5  
  44  5:53  Zergling x4  
  42  6:03  Drone x2  
  43  6:11  Spore Crawler  
  43  6:15  Spore Crawler  
  43  6:16  Spore Crawler  
  40  6:24  Zergling x10  
  43  6:40  Spore Crawler  
  43  6:41  Spore Crawler  
  43  6:42  Drone x3  
  43  6:43  Spore Crawler, Drone, Spine Crawler  
  43  6:44  Spine Crawler x2  
  43  6:45  Spine Crawler  
  40  6:47  Spine Crawler  
  39  6:58  Drone x2  
  41  7:09  Drone x2, Queen  
  41  7:12  Lair  
  45  7:19  Drone x2  
  47  7:23  Drone  
  47  7:24  Drone x3  
  51  7:30  Drone  
  51  7:34  Drone  
  53  7:44  Drone  
  54  7:53  Extractor x2  
  54  7:55  Overlord x5  
  52  8:08  Evolution Chamber  
  52  8:09  Evolution Chamber  
  52  8:11  Drone  
  51  8:12  Evolution Chamber  
  50  8:27  Extractor  
  50  8:30  Extractor  
  50  8:33  Hatchery  
  45  8:41  Hydralisk Den  
  44  8:45  Drone x7  
  44  8:46  Drone x3  
  54  9:04  Drone x3  
  54  9:05  Drone  
  54  9:08  Zerg Missile Weapons Level 1, Zerg Melee Weapons Level 1  
  54  9:09  Hatchery  
  57  9:12  Zerg Ground Armor Level 1  
  57  9:18  Drone x3  
  57  9:21  Grooved Spines  
  60  9:28  Drone x2  
  60  9:30  Drone  
  63  9:32  Drone  
  63  9:34  Drone  
  65  9:41  Drone x3  
  65  9:42  Drone  
  69  9:56  Spore Crawler  
  69  9:59  Spore Crawler  
  67  10:00  Drone  
  67  10:01  Drone x6  
  67  10:07  Spore Crawler  
  73  10:13  Spore Crawler, Spine Crawler  
  71  10:15  Spore Crawler  
  71  10:20  Spine Crawler  
  69  10:23  Hydralisk x2  
  69  10:24  Hydralisk x3  
  79  10:30  Hydralisk x2  
  79  10:32  Hydralisk  
  79  10:33  Muscular Augments  
  85  10:37  Drone x3  
  85  10:38  Drone  
  89  10:54  Hydralisk x6  
  89  10:55  Hydralisk  
  103  11:06  Spore Crawler  
  103  11:08  Spore Crawler  
  103  11:10  Spore Crawler  
  100  11:11  Spine Crawler  
  100  11:12  Spore Crawler, Drone x5  
  100  11:13  Drone, Spine Crawler  
  100  11:15  Spine Crawler  
  102  11:36  Hydralisk x6  
  102  11:37  Hydralisk x3  
  120  11:45  Overlord x4  
  119  12:00  Overlord x5  
  119  12:01  Overlord x3  
  119  12:08  Hydralisk x4  
  125  12:24  Hydralisk x4  
  125  12:25  Hydralisk x4  
  141  12:33  Zerg Missile Weapons Level 2, Zerg Ground Armor Level 2  
  141  12:37  Zerg Melee Weapons Level 2  
  141  12:46  Drone x5  
  141  12:47  Drone x6  
  148  13:02  Hydralisk x6  
  148  13:03  Hydralisk  
  148  13:04  Hydralisk  
  160  13:11  Hydralisk x3  
  155  13:26  Hydralisk x3  
  155  13:27  Hydralisk x6  
  153  13:29  Hydralisk  
  168  13:49  Hydralisk x2  
  168  13:50  Hydralisk x7  
  168  13:51  Hydralisk x3  
  168  13:53  Hydralisk  
  190  14:11  Zergling x4  
  190  14:12  Zergling x4  
  186  14:32  Hydralisk x7  
  186  14:33  Hydralisk  
  186  14:34  Hydralisk x2  
  186  14:36  Hydralisk  
  193  15:55  Infestation Pit  
Show
View Real Time Build Order
Export as new Build Order

FlawlessMinD Zerg 

Build Orders: Pool First, Lurkers 

Get SALT Encoding   

  12  0:25  Drone x2, Overlord  
  14  0:44  Drone  
  15  0:52  Spawning Pool  
  15  0:53  Drone  
  15  1:09  Hatchery  
  15  1:10  Drone  
  15  1:14  Drone  
  16  1:26  Drone  
  17  1:42  Hatchery  
  17  1:44  Zergling x2  
  17  1:47  Zergling x2  
  17  1:53  Zergling x2  
  19  2:00  Queen  
  21  2:03  Zergling x2  
  23  2:22  Zergling x2  
  23  2:23  Zergling x2  
  23  2:27  Queen  
  26  2:30  Zergling x2  
  26  2:34  Zergling x2  
  26  2:36  Overlord  
  28  2:48  Overlord  
  28  2:53  Queen  
  28  2:55  Overlord  
  30  3:01  Drone  
  30  3:02  Drone  
  32  3:13  Extractor x2  
  30  3:24  Spine Crawler  
  29  3:41  Drone x3  
  29  3:42  Drone x5  
  37  3:59  Drone x3  
  37  4:00  Drone x2  
  37  4:01  Drone  
  43  4:03  Drone  
  43  4:06  Drone  
  45  4:23  Hatchery  
  44  4:28  Extractor  
  44  4:29  Extractor, Drone x3  
  45  4:31  Drone  
  46  4:39  Metabolic Boost  
  46  4:41  Drone x2  
  46  4:44  Drone  
  46  4:45  Drone  
  50  4:50  Drone x2  
  50  4:52  Drone  
  53  4:54  Drone  
  54  5:08  Spine Crawler  
  54  5:09  Spine Crawler  
  54  5:10  Spine Crawler  
  50  5:26  Zergling x2  
  47  5:42  Zergling x2  
  48  5:43  Zergling x30  
  63  5:59  Drone  
  63  6:00  Overlord x2  
  63  6:01  Overlord x3  
  62  6:07  Queen  
  62  6:08  Extractor x2  
  62  6:24  Baneling Nest  
  62  6:25  Spore Crawler  
  60  6:26  Spore Crawler x2  
  60  6:27  Spore Crawler  
  60  6:28  Spore Crawler  
  48  6:45  Drone  
  48  6:46  Drone x3  
  53  6:47  Drone x2  
  53  6:48  Drone x4  
  53  6:49  Drone x3  
  53  6:50  Drone  
  61  7:05  Drone  
  61  7:07  Drone  
  63  7:11  Drone x3  
  63  7:12  Drone x3  
  63  7:13  Lair  
  63  7:15  Drone  
  70  7:17  Drone  
  71  7:34  Evolution Chamber x2  
  71  7:35  Evolution Chamber  
  68  7:41  Spore Crawler, Drone  
  68  7:42  Drone x5  
  68  7:43  Drone x2  
  75  7:45  Drone  
  75  7:46  Drone  
  75  7:47  Drone  
  78  8:15  Spore Crawler x2  
  78  8:16  Spore Crawler  
  78  8:17  Spore Crawler  
  78  8:18  Spore Crawler, Drone x2  
  78  8:19  Drone x5  
  80  8:20  Spore Crawler  
  80  8:21  Spore Crawler  
  80  8:24  Spore Crawler  
  80  8:25  Spore Crawler  
  80  8:26  Spore Crawler  
  75  8:27  Spore Crawler  
  75  8:28  Spore Crawler  
  75  8:31  Zerg Missile Weapons Level 1  
  73  8:35  Zerg Ground Armor Level 1  
  73  8:47  Hydralisk Den  
  72  8:49  Infestation Pit  
  72  8:51  Spire  
  70  8:56  Zerg Melee Weapons Level 1  
  70  9:01  Drone x3  
  73  9:04  Drone x5  
  73  9:05  Drone  
  79  9:11  Centrifical Hooks  
  79  9:18  Muscular Augments  
  79  9:25  Hive  
  79  9:26  Lurker Den  
  79  9:30  Drone  
  79  9:31  Drone  
  80  9:36  Spire  
  80  9:38  Drone x3  
  82  9:53  Spore Crawler  
  82  9:54  Spore Crawler  
  82  9:58  Pneumatized Carapace  
  82  9:59  Burrow  
  80  10:04  Zerg Flyer Weapons Level 1  
  80  10:08  Hydralisk  
  80  10:09  Hydralisk  
  80  10:10  Hydralisk x2  
  88  10:21  Overlord  
  88  10:22  Overlord x6  
  88  10:23  Overlord x5  
  88  10:31  Spore Crawler x2  
  86  10:54  Hydralisk x4  
  86  10:55  Hydralisk x8  
  107  11:09  Hydralisk x6  
  115  11:11  Hydralisk  
  115  11:23  Spore Crawler x2  
  113  11:26  Overseer x3  
  113  11:29  Zerg Flyer Armor Level 1  
  113  11:31  Adaptive Talons  
  105  11:33  Zerg Missile Weapons Level 2  
  105  11:40  Hydralisk  
  105  11:41  Hydralisk x2  
  105  11:44  Lurker x4  
  105  11:45  Lurker  
  105  11:47  Lurker  
  117  11:48  Lurker  
  118  11:55  Hydralisk x3  
  118  11:58  Overlord  
  122  12:17  Hydralisk  
  122  12:18  Hydralisk x7  
  130  12:28  Hydralisk  
  130  12:29  Hydralisk x3  
  136  12:49  Hydralisk  
  136  12:50  Hydralisk x7  
  152  13:10  Hydralisk x2  
  152  13:11  Hydralisk x4  
  152  13:12  Hydralisk  
  166  14:08  Hydralisk x4  
  166  14:09  Hydralisk x8  
  180  14:27  Hydralisk x4  
  182  14:58  Hydralisk  
  182  14:59  Hydralisk x6  
  184  15:02  Overlord x2  
  184  15:03  Overlord x3  
  168  15:35  Hydralisk  
  168  15:36  Hydralisk x11  
Show
View Real Time Build Order
Export as new Build Order

kazuki Protoss 

Build Orders: Double Forge 

Get SALT Encoding   

  12  0:01  Probe (Chrono Boost)  
  13  0:11  Probe (Chrono Boost)  
  14  0:16  Probe (Chrono Boost)  
  15  0:27  Pylon  
  15  0:45  Probe  
  15  0:46  Gateway  
  16  0:51  Gateway  
  16  0:55  Assimilator  
  16  0:57  Probe  
  17  1:08  Pylon  
  17  1:13  Probe  
  18  1:25  Probe  
  19  1:35  Cybernetics Core  
  19  1:40  Probe (Chrono Boost), Assimilator  
  20  1:49  Pylon  
  20  1:50  Probe (Chrono Boost)  
  21  1:55  Probe (Chrono Boost)  
  21  2:00  Forge  
  22  2:08  Probe  
  23  2:12  Stalker  
  25  2:18  Stalker  
  25  2:21  Warp Gate (Chrono Boost)  
  27  2:36  Photon Cannon  
  27  2:46  Stalker  
  27  2:49  Stalker  
  31  3:06  Gateway  
  31  3:11  Pylon  
  31  3:49  Robotics Facility  
  31  3:51  Gateway  
  31  3:53  Twilight Council  
  31  3:54  Protoss Ground Weapons Level 1 (Chrono Boost)  
  31  4:00  Forge  
  31  4:20  Nexus  
  31  4:25  Probe  
  32  4:37  Probe  
  33  4:55  Nexus  
  33  5:03  Pylon  
  33  5:45  Stalker x3  
  39  5:56  Observer  
  40  5:59  Protoss Ground Armor Level 1 (Chrono Boost)  
  40  6:00  Stalker  
  40  6:18  Immortal  
  44  6:47  Blink (Chrono Boost)  
  44  6:51  Stalker x3  
  44  6:52  Stalker  
  52  7:10  Probe x2 (Chrono Boost)  
  54  7:19  Pylon  
  54  7:21  Probe x2 (Chrono Boost), Pylon  
  56  7:25  Pylon  
  56  7:27  Pylon  
  56  7:28  Probe (Chrono Boost)  
  59  7:30  Probe x2 (Chrono Boost)  
  59  7:35  Probe (Chrono Boost)  
  62  7:38  Probe (Chrono Boost)  
  62  7:39  Probe (Chrono Boost)  
  62  7:40  Probe (Chrono Boost)  
  62  7:42  Gateway  
  62  7:43  Protoss Ground Weapons Level 2 (Chrono Boost)  
  63  7:44  Gateway  
  63  7:48  Probe x2  
  65  8:07  Pylon  
  65  8:09  Pylon  
  65  8:12  Photon Cannon  
  65  8:15  Photon Cannon  
  57  8:41  Probe  
  58  8:42  Assimilator  
  58  8:45  Assimilator  
  58  8:47  Photon Cannon  
  58  8:50  Photon Cannon  
  58  8:53  Photon Cannon  
  58  8:54  Probe (Chrono Boost)  
  60  8:57  Probe (Chrono Boost), Photon Cannon  
  60  8:59  Photon Cannon  
  60  9:01  Assimilator  
  60  9:03  Protoss Shields Level 1 (Chrono Boost)  
  60  9:05  Probe (Chrono Boost)  
  60  9:06  Assimilator  
  60  9:08  Probe (Chrono Boost)  
  62  9:10  Probe (Chrono Boost)  
  63  9:17  Probe  
  63  9:21  Probe  
  63  9:23  Gateway  
  65  9:25  Gateway  
  65  9:27  Gateway  
  65  9:30  Robotics Bay  
  65  9:33  Probe (Chrono Boost)  
  66  9:45  Probe (Chrono Boost)  
  67  9:53  Probe (Chrono Boost)  
  67  9:58  Probe x2 (Chrono Boost)  
  67  9:59  Probe  
  70  10:01  Protoss Ground Armor Level 2 (Chrono Boost)  
  70  10:04  Pylon  
  70  10:06  Pylon  
  71  10:09  Pylon  
  71  10:10  Extended Thermal Lance, Probe x2  
  71  10:11  Probe  
  74  10:15  Colossus (Chrono Boost)  
  80  10:22  Probe x2  
  80  10:23  Probe  
  83  10:36  Nexus  
  83  10:40  Assimilator  
  83  10:45  Assimilator  
  83  10:46  Pylon  
  83  10:49  Pylon  
  83  10:50  Probe  
  83  10:51  Probe x2, Pylon  
  86  10:57  Stalker x2  
  86  11:01  Colossus  
  86  11:03  Probe x3  
  99  11:26  Stalker x5  
  99  11:27  Stalker x4  
  101  11:50  Stalker x6  
  101  11:51  Stalker  
  112  12:03  Probe  
  109  12:15  Probe  
  100  12:27  Probe  
  101  12:31  Stalker x3  
  101  12:32  Stalker x5  
  101  12:33  Stalker  
  119  12:40  Probe  
  120  12:49  Protoss Ground Weapons Level 3 (Chrono Boost)  
  120  12:50  Protoss Ground Armor Level 3 (Chrono Boost)  
  120  12:51  Probe (Chrono Boost)  
  123  12:55  Probe (Chrono Boost)  
  123  12:56  Probe (Chrono Boost)  
  123  12:57  Probe (Chrono Boost)  
  124  13:01  Probe (Chrono Boost)  
  124  13:05  Probe x3 (Chrono Boost)  
  128  13:06  Probe (Chrono Boost)  
  128  13:10  Photon Cannon  
  129  13:15  Probe x2, Photon Cannon  
  129  13:18  Photon Cannon  
  131  13:20  Photon Cannon  
  131  13:21  Shield Battery  
  131  13:22  Shield Battery  
  131  13:23  Pylon  
  131  13:28  Stalker x4  
  139  13:39  Gateway  
  139  13:42  Gateway  
  139  13:46  Gateway  
  139  13:56  Colossus  
  139  13:59  Stalker x3  
  139  14:00  Stalker x2  
  155  14:32  Stalker  
  155  14:33  Stalker x5  
  155  14:34  Stalker x3  
  155  14:36  Stalker x2  
  163  15:10  Stalker x7  
  163  15:12  Zealot x3  
  163  15:13  Zealot x2  
Show
View Real Time Build Order
Export as new Build Order

DogZilla Zerg 

Build Orders: Pool First 

Get SALT Encoding   

  12  0:04  Drone  
  13  0:08  Drone  
  14  0:16  Overlord  
  14  0:29  Extractor  
  13  0:41  Spawning Pool  
  13  0:42  Drone  
  13  0:44  Drone  
  13  0:48  Drone  
  15  0:54  Drone  
  16  1:27  Zergling x4  
  16  1:28  Zergling x2  
  16  1:29  Metabolic Boost  
  19  1:38  Zergling x2  
  20  1:52  Zergling x2, Hatchery  
  20  2:03  Zergling x2  
  20  2:08  Extractor  
  20  2:11  Zergling x2  
  21  2:21  Zergling x2  
  22  2:32  Overlord  
  21  2:50  Queen  
  19  3:18  Drone x2  
  19  3:19  Queen  
  20  3:22  Drone x3  
  23  3:35  Lair  
  23  3:41  Evolution Chamber  
  23  3:47  Drone  
  23  3:48  Evolution Chamber  
  22  3:49  Drone  
  22  3:54  Drone  
  24  4:03  Drone x2  
  24  4:07  Drone  
  27  4:13  Drone  
  28  4:19  Drone  
  28  4:21  Drone  
  30  4:25  Drone  
  31  4:35  Drone x2  
  33  4:47  Extractor  
  32  4:54  Spore Crawler  
  32  4:56  Spore Crawler  
  32  4:58  Spore Crawler  
  32  4:59  Drone  
  31  5:00  Spore Crawler, Drone  
  31  5:02  Drone  
  31  5:10  Zergling x6  
  31  5:12  Zergling x2  
  29  5:39  Drone x4  
  29  5:40  Drone x2  
  35  5:44  Zerg Ground Armor Level 1  
  35  5:53  Overlord  
  35  5:55  Overlord  
  35  6:16  Drone x3  
  35  6:17  Baneling Nest, Drone  
  38  6:19  Drone x2  
  38  6:20  Drone  
  41  6:30  Drone x2  
  41  6:31  Hydralisk Den  
  41  6:32  Overlord  
  42  6:35  Pneumatized Carapace  
  42  6:49  Zergling x2  
  42  6:51  Zergling x6  
  42  6:52  Zergling x4  
  48  7:04  Centrifical Hooks  
  48  7:08  Grooved Spines  
  48  7:19  Nydus Network  
  48  7:21  Spore Crawler  
  46  7:27  Spore Crawler  
  45  7:47  Spore Crawler, Drone  
  45  7:48  Drone x3  
  48  8:04  Spore Crawler  
  47  8:13  Zerg Missile Weapons Level 1, Zerg Ground Armor Level 2  
  47  8:20  Muscular Augments  
  47  8:43  Drone x3  
  47  8:44  Drone  
  51  8:48  Nydus Network  
  50  9:34  Hatchery  
  50  9:37  Hydralisk  
  51  9:40  Overlord x3  
  51  9:42  Overlord  
  51  9:49  Extractor  
  51  9:52  Drone  
  51  10:02  Baneling  
  51  10:03  Baneling x15  
  51  10:04  Baneling x3  
  40  10:24  Hydralisk  
  40  10:25  Hydralisk x8  
  40  10:26  Hydralisk x2  
  61  10:37  Queen  
  63  10:46  Drone, Queen  
  65  11:14  Burrow  
  65  11:35  Hydralisk x2  
  65  11:36  Hydralisk x4  
  73  12:03  Drone x2  
  73  12:04  Drone  
  76  12:16  Drone x2  
  76  12:17  Drone  
  76  12:18  Hydralisk  
  76  12:19  Hydralisk x2  
  85  12:33  Zerg Missile Weapons Level 2  
  85  12:44  Nydus Network  
  84  12:48  Spore Crawler x2  
  82  12:54  Drone x3  
  82  12:55  Drone  
  86  13:08  Baneling Nest  
  85  13:17  Hydralisk  
  85  13:18  Hydralisk  
  89  13:21  Overlord x3  
  89  13:57  Hydralisk  
  89  13:58  Hydralisk x11  
  89  14:02  Overlord x3  
  113  14:03  Overlord  
  113  14:04  Overlord  
  113  14:11  Nydus Canal x2  
  113  14:19  Hydralisk x2  
  113  14:20  Hydralisk x5  
  111  15:05  Hatchery  
  110  15:08  Nydus Network  
  110  15:12  Hydralisk x5  
  110  15:13  Hydralisk x2  
  123  15:35  Hydralisk  
  125  15:44  Extractor x2  
  125  15:48  Spore Crawler  
Show
View Real Time Build Order
Export as new Build Order

noobella Protoss 

Build Orders:  

Get SALT Encoding   

  12  0:01  Probe  
  13  0:20  Pylon  
  13  0:23  Probe  
  14  0:35  Probe  
  14  0:40  Gateway  
  15  0:49  Gateway  
  15  0:53  Assimilator  
  15  0:57  Probe  
  16  1:05  Pylon  
  16  1:09  Probe  
  17  1:21  Probe  
  18  1:37  Cybernetics Core  
  18  1:43  Forge  
  18  1:44  Probe  
  19  1:56  Probe  
  20  2:08  Probe  
  21  2:11  Adept x2 (Chrono Boost)  
  25  2:20  Photon Cannon  
  25  2:23  Probe  
  26  2:32  Twilight Council  
  22  2:50  Photon Cannon  
  20  3:15  Photon Cannon, Assimilator  
  20  3:25  Probe  
  21  3:29  Warp Gate (Chrono Boost)  
  21  3:34  Adept (Chrono Boost)  
  25  3:45  Adept (Chrono Boost)  
  25  3:51  Shield Battery  
  25  4:04  Resonating Glaives  
  25  4:09  Pylon  
  25  4:32  Templar Archives  
  25  4:34  Photon Cannon  
  24  5:08  Adept x2  
  25  5:19  Psionic Storm  
  21  5:35  Probe  
  17  5:50  Pylon  
  17  5:52  Adept x2  
  21  6:12  Photon Cannon  
  21  6:20  Adept x2  
  25  6:26  Photon Cannon  
  25  6:36  Gateway  
  25  6:37  Gateway  
  25  6:40  Probe  
  25  6:43  High Templar  
  28  6:52  Probe  
  29  7:05  Probe  
  29  7:07  High Templar  
  32  7:17  Probe  
  33  7:23  Assimilator  
  33  7:27  Assimilator  
  33  7:46  Nexus  
  33  7:51  Probe  
  34  8:03  High Templar  
  34  8:04  Probe  
  37  8:16  Probe (Chrono Boost)  
  37  8:18  Photon Cannon  
  39  8:28  Probe (Chrono Boost)  
  39  8:34  Probe (Chrono Boost)  
  39  8:38  Robotics Facility  
  40  8:43  Adept  
  42  9:00  Probe (Chrono Boost)  
  42  9:02  Probe (Chrono Boost)  
  44  9:03  Pylon  
  45  9:10  Probe (Chrono Boost)  
  45  9:11  Probe (Chrono Boost)  
  45  9:12  Stalker  
  45  9:16  Probe  
  49  9:28  Probe x2  
  51  9:37  Stalker  
  53  9:40  Probe, Observer (Chrono Boost)  
  53  9:41  Probe  
  56  9:48  Stalker x2  
  56  9:50  Protoss Ground Weapons Level 1 (Chrono Boost)  
  60  10:03  Photon Cannon  
  60  10:22  Nexus  
  60  10:24  Probe x2  
  62  10:36  Probe  
  62  10:38  Adept  
  62  10:39  Adept  
  62  10:40  High Templar  
  62  10:41  Probe  
  70  10:48  Pylon  
  70  11:01  Gateway  
  70  11:06  Probe  
  70  11:07  Stalker x2  
  75  11:14  Stalker  
  77  11:24  Pylon  
  77  11:25  Pylon  
  77  11:37  Stalker x3  
  77  11:39  Probe  
  84  11:40  Probe  
  84  11:45  Probe  
  86  11:49  Assimilator  
  86  11:54  Assimilator  
  66  12:30  Immortal (Chrono Boost)  
  70  12:39  Protoss Ground Weapons Level 2 (Chrono Boost)  
  70  12:41  Probe x2  
  70  12:42  Probe  
  70  12:43  Robotics Bay  
  73  12:48  Pylon  
  73  12:49  High Templar x3  
  79  12:52  Pylon  
  79  12:53  Probe x2  
  79  12:55  Pylon  
  79  12:57  Stalker  
  83  13:01  Immortal (Chrono Boost), Pylon  
  87  13:27  Photon Cannon  
  87  13:28  Extended Thermal Lance (Chrono Boost), Stalker x3  
  87  13:29  Stalker  
  87  13:30  Colossus (Chrono Boost)  
  101  14:03  Stalker x3  
  101  14:04  Stalker  
  98  14:57  Stalker  
  98  14:58  Stalker x3  
  92  15:00  Probe x3  
  92  15:05  Gateway  
  63  15:09  Gateway  
  63  15:12  Gateway, Colossus (Chrono Boost), Probe x2  
  63  15:13  Gravitic Boosters (Chrono Boost)  
  63  15:14  Gateway  
  65  15:16  Gateway  
  65  15:18  Gateway  
  71  15:22  Stalker x4  
  79  15:50  High Templar  
  79  15:51  High Templar x3  
Show
View Real Time Build Order
Export as new Build Order

Teodora Protoss 

Build Orders: Oracle Opening, Carriers 

Get SALT Encoding   

  12  0:01  Probe  
  13  0:13  Probe  
  14  0:19  Pylon  
  14  0:25  Probe  
  15  0:41  Gateway  
  15  0:43  Probe (Chrono Boost), Assimilator  
  16  0:53  Probe (Chrono Boost)  
  17  1:02  Gateway  
  17  1:09  Probe (Chrono Boost)  
  18  1:21  Probe (Chrono Boost), Assimilator  
  19  1:31  Cybernetics Core  
  19  1:34  Zealot  
  19  1:35  Probe, Pylon  
  22  1:47  Probe  
  23  2:06  Warp Gate (Chrono Boost)  
  23  2:07  Adept x2  
  27  2:13  Probe  
  28  2:17  Pylon  
  27  2:25  Probe  
  28  2:37  Probe  
  28  2:38  Stalker, Adept  
  33  2:54  Stargate  
  33  2:57  Forge  
  33  3:18  Probe  
  34  3:27  Adept x2  
  34  3:31  Probe  
  37  3:37  Oracle (Chrono Boost)  
  38  3:46  Photon Cannon  
  38  3:50  Pylon  
  38  3:54  Shield Battery  
  38  4:10  Protoss Air Weapons Level 1 (Chrono Boost)  
  38  4:20  Probe  
  38  4:22  Phoenix  
  41  4:35  Photon Cannon  
  41  4:38  Assimilator  
  41  4:39  Probe  
  41  4:42  Assimilator  
  42  4:45  Pylon  
  42  5:03  Oracle  
  45  5:11  Pylon  
  45  5:15  Pylon  
  45  5:31  Stargate  
  45  5:35  Pylon  
  45  5:37  Pylon  
  45  5:38  Photon Cannon  
  45  5:40  Phoenix  
  47  5:53  Probe  
  48  6:05  Probe, Phoenix  
  48  6:09  Nexus  
  51  6:22  Probe  
  52  6:27  Phoenix  
  54  6:34  Probe  
  55  6:42  Phoenix  
  57  6:49  Probe  
  57  6:52  Phoenix  
  60  6:59  Pylon  
  60  7:01  Probe  
  60  7:07  Phoenix  
  63  7:34  Nexus  
  63  7:37  Probe  
  64  7:48  Phoenix  
  64  7:50  Phoenix  
  68  7:57  Probe x2  
  62  8:44  Probe x2  
  62  8:48  Pylon  
  64  8:51  Pylon  
  64  8:53  Pylon  
  64  8:56  Probe, Fleet Beacon  
  64  8:58  Cybernetics Core  
  64  9:01  Stargate, Assimilator  
  65  9:05  Assimilator  
  65  9:08  Pylon  
  65  9:11  Shield Battery  
  65  9:25  Probe x2  
  65  9:26  Photon Cannon  
  65  9:30  Shield Battery  
  67  9:33  Shield Battery  
  67  9:35  Photon Cannon  
  67  9:36  Photon Cannon  
  67  9:51  Carrier  
  73  9:56  Probe x2  
  73  9:58  Probe, Protoss Air Armor Level 1 (Chrono Boost)  
  73  9:59  Protoss Air Weapons Level 2 (Chrono Boost)  
  76  10:08  Probe x2  
  76  10:10  Probe  
  79  10:17  Carrier  
  79  10:20  Probe  
  79  10:21  Probe  
  87  10:22  Probe  
  88  10:36  Probe x3  
  88  10:38  Carrier  
  97  10:48  Probe x3  
  106  10:57  Carrier  
  106  11:00  Probe x2  
  106  11:25  Carrier (Chrono Boost)  
  114  11:48  Nexus  
  114  11:49  Carrier (Chrono Boost)  
  114  11:58  Pylon, Carrier (Chrono Boost)  
  120  12:01  Pylon  
  120  12:03  Assimilator  
  120  12:06  Probe x2  
  120  12:09  Assimilator  
  120  12:13  Protoss Air Armor Level 2  
  120  12:22  Stargate  
  126  12:30  Carrier (Chrono Boost)  
  126  12:33  Photon Cannon  
  126  12:36  Photon Cannon  
  126  12:38  Shield Battery  
  126  12:41  Shield Battery  
  126  12:46  Probe x3, Carrier  
  135  12:55  Carrier  
  135  12:58  Probe  
  136  13:16  Carrier  
  148  13:30  Zealot x2, Carrier  
  149  13:52  Carrier  
  146  14:00  Carrier  
  149  14:47  Shield Battery  
  149  14:49  Shield Battery  
  149  14:50  Pylon  
  149  14:52  Pylon  
  149  14:54  Pylon  
  149  14:57  Pylon  
  149  14:59  Pylon  
Show
View Real Time Build Order
Export as new Build Order

Jura Protoss 

Build Orders:  

Get SALT Encoding   

  12  0:07  Probe  
  13  0:19  Probe  
  14  0:31  Probe  
  14  0:33  Pylon  
  15  0:38  Assimilator  
  15  0:49  Assimilator  
  15  0:51  Probe  
  16  0:59  Gateway  
  16  1:04  Gateway  
  16  1:10  Probe (Chrono Boost)  
  17  1:20  Probe (Chrono Boost)  
  18  1:25  Forge  
  18  1:33  Pylon  
  18  1:37  Pylon  
  18  1:43  Pylon  
  18  1:44  Probe (Chrono Boost)  
  19  1:56  Probe (Chrono Boost)  
  20  2:02  Probe (Chrono Boost)  
  20  2:05  Cybernetics Core  
  21  2:10  Probe  
  22  2:19  Zealot x2  
  26  2:31  Protoss Ground Weapons Level 1 (Chrono Boost)  
  26  2:33  Probe (Chrono Boost)  
  27  2:58  Warp Gate  
  27  3:04  Robotics Facility  
  27  3:18  Twilight Council  
  27  4:12  Warp Prism  
  29  4:22  Gateway  
  29  4:24  Gateway  
  29  4:29  Gateway  
  21  4:46  Photon Cannon  
  21  4:52  Photon Cannon, Protoss Air Weapons Level 1  
  21  4:54  Probe (Chrono Boost), Photon Cannon  
  22  5:06  Probe (Chrono Boost)  
  23  5:21  Probe (Chrono Boost)  
  24  5:27  Charge  
  24  5:31  Probe (Chrono Boost)  
  25  5:36  Probe (Chrono Boost)  
  26  5:47  Probe  
  27  5:54  Zealot x4  
  31  5:59  Probe  
  22  6:24  Nexus  
  22  6:31  Assimilator  
  22  6:33  Assimilator  
  22  6:42  Probe (Chrono Boost)  
  23  6:52  Probe (Chrono Boost)  
  24  6:57  Probe (Chrono Boost)  
  24  7:01  Protoss Air Armor Level 1  
  25  7:08  Protoss Ground Armor Level 1 (Chrono Boost)  
  25  7:20  Pylon  
  25  7:22  Pylon  
  25  7:28  Gateway  
  25  7:36  Immortal (Chrono Boost)  
  29  7:58  Probe (Chrono Boost)  
  30  8:06  Warp Prism  
  30  8:09  Probe (Chrono Boost)  
  33  8:13  Probe (Chrono Boost)  
  34  8:24  Probe  
  35  8:30  Shield Battery  
  35  8:35  Shield Battery  
  35  8:36  Probe  
  35  8:41  Shield Battery  
  36  8:45  Stalker  
  36  8:46  Stalker  
  40  8:48  Probe (Chrono Boost)  
  41  8:59  Probe (Chrono Boost)  
  42  9:04  Probe (Chrono Boost)  
  42  9:08  Immortal  
  47  9:10  Protoss Ground Weapons Level 2 (Chrono Boost)  
  47  9:47  Gateway  
  47  9:51  Gateway  
  47  9:55  Warp Prism  
  49  10:12  Stalker x3  
  55  10:14  Stalker x2  
  55  10:16  Stalker  
  41  10:38  Stalker x2  
  41  10:39  Stalker x2  
  47  10:56  Zealot x3  
  47  10:57  Zealot  
  39  11:37  Pylon  
  39  11:40  Pylon  
  39  11:41  Pylon  
  39  11:44  Pylon  
  39  11:52  Warp Prism  
  41  12:08  Dark Shrine  
  41  12:26  Zealot x4  
  41  12:27  Zealot x3  
  41  12:28  Immortal  
  41  12:51  Probe (Chrono Boost)  
  41  12:57  Protoss Ground Weapons Level 3 (Chrono Boost)  
  40  13:03  Probe (Chrono Boost)  
  41  13:08  Probe (Chrono Boost), Observer  
  43  13:13  Robotics Bay  
  43  13:18  Probe  
  44  13:30  Probe  
  44  13:33  Photon Cannon  
  45  13:35  Photon Cannon  
  45  13:39  Photon Cannon  
  39  13:43  Dark Templar  
  39  13:44  Dark Templar  
  39  13:45  Dark Templar  
  15  14:21  Dark Templar x2  
  19  14:29  Dark Templar  
  21  14:41  Dark Templar  
  21  14:42  Dark Templar x4  
  31  14:49  Pylon  
  31  14:53  Archon x3  
  31  14:54  Archon  
  31  15:02  Pylon  
  31  15:12  Zealot  
  14  15:59  Dark Templar  
Show
View Real Time Build Order
Export as new Build Order

MooEsqoo Protoss 

Build Orders: 1 Gate Expand 

Get SALT Encoding   

  12  0:01  Probe  
  13  0:15  Pylon  
  13  0:19  Probe (Chrono Boost)  
  15  0:29  Probe (Chrono Boost)  
  15  0:33  Probe (Chrono Boost)  
  16  0:42  Gateway  
  16  0:45  Probe  
  17  0:58  Probe  
  18  1:12  Gateway  
  18  1:15  Probe, Pylon  
  19  1:34  Nexus  
  19  1:37  Probe  
  20  1:41  Zealot  
  22  1:49  Probe  
  23  1:59  Zealot  
  25  2:01  Probe  
  26  2:10  Zealot  
  28  2:18  Probe  
  29  2:29  Zealot  
  31  2:36  Pylon  
  31  2:38  Pylon  
  31  2:39  Gateway  
  31  2:46  Probe  
  31  2:50  Probe  
  33  2:53  Zealot  
  36  2:58  Probe  
  36  3:02  Probe  
  37  3:08  Zealot  
  38  3:23  Zealot  
  40  3:28  Zealot  
  42  3:35  Zealot  
  42  3:38  Probe x2  
  46  3:50  Probe x2, Zealot  
  50  3:55  Zealot  
  50  4:02  Probe, Zealot  
  55  4:03  Probe  
  56  4:15  Gateway  
  56  4:18  Gateway  
  56  4:23  Zealot x2  
  60  4:29  Zealot  
  62  5:07  Pylon  
  62  5:08  Pylon  
  62  5:11  Pylon  
  62  5:12  Pylon  
  62  5:14  Pylon  
  62  5:18  Zealot  
  62  5:19  Zealot  
  62  5:25  Zealot  
  62  5:39  Zealot  
  62  5:40  Zealot  
  66  5:45  Zealot  
  66  5:46  Zealot  
  70  5:52  Zealot  
  72  6:07  Zealot x2  
  74  6:12  Zealot  
  74  6:13  Zealot  
  78  6:19  Zealot  
  74  6:34  Zealot x2 (Chrono Boost)  
  62  6:40  Cybernetics Core, Zealot (Chrono Boost)  
  62  6:46  Zealot x2 (Chrono Boost)  
  60  6:55  Assimilator  
  60  6:58  Zealot x2 (Chrono Boost)  
  60  7:01  Zealot (Chrono Boost)  
  58  7:04  Zealot x2 (Chrono Boost)  
  64  7:18  Zealot x2  
  68  7:24  Zealot  
  70  7:31  Probe, Zealot  
  70  7:35  Probe  
  74  7:39  Zealot  
  74  7:43  Probe  
  77  7:45  Zealot x2  
  77  7:47  Probe  
  77  7:49  Shield Battery  
  77  7:51  Zealot  
  84  7:52  Shield Battery  
  84  7:55  Probe  
  84  7:58  Zealot  
  87  8:00  Pylon  
  87  8:03  Pylon  
  87  8:06  Zealot (Chrono Boost)  
  87  8:12  Zealot (Chrono Boost)  
  93  8:13  Zealot (Chrono Boost)  
  95  8:20  Twilight Council  
  95  8:24  Zealot (Chrono Boost)  
  95  8:25  Zealot (Chrono Boost)  
  97  8:30  Zealot (Chrono Boost)  
  99  8:35  Zealot x2 (Chrono Boost)  
  99  8:37  Shield Battery  
  99  8:40  Shield Battery  
  103  8:42  Zealot  
  103  8:45  Zealot  
  107  8:50  Zealot  
  109  8:56  Zealot x2  
  113  9:04  Assimilator  
  113  9:09  Zealot  
  115  9:10  Charge (Chrono Boost)  
  115  9:12  Zealot  
  117  9:28  Pylon  
  117  9:36  Pylon  
  117  9:37  Pylon  
  117  9:40  Pylon  
  117  9:42  Pylon  
  117  9:44  Pylon  
  117  9:45  Pylon  
  117  9:46  Zealot x4  
  117  9:47  Pylon  
  125  9:54  Zealot, Forge  
  127  10:13  Zealot x4  
  135  10:22  Zealot  
  135  10:23  Protoss Ground Weapons Level 1 (Chrono Boost)  
  137  10:40  Zealot x4  
  145  10:49  Zealot  
  147  11:08  Zealot x4  
  155  11:16  Zealot  
  139  11:35  Zealot x4  
  119  11:43  Zealot  
  67  12:02  Zealot x4  
  75  12:10  Zealot  
  73  12:29  Zealot x4  
  65  12:37  Zealot  
  65  12:38  Protoss Ground Weapons Level 2 (Chrono Boost)  
  67  12:56  Zealot x4  
  75  13:04  Zealot  
  77  13:23  Zealot x4, Forge  
  85  13:31  Zealot  
  87  13:50  Protoss Ground Armor Level 1 (Chrono Boost), Zealot x4  
  95  13:58  Zealot  
  47  14:17  Zealot x4  
  55  14:25  Zealot  
  57  14:44  Zealot x2  
  61  14:54  Zealot x3  
  61  14:59  Nexus  
  67  15:11  Zealot x2  
  67  15:21  Zealot x3  
Tags
 
Add a new tag
Caveats
  • Supply blocks, unpowered buildings, or Contaminate may cause inaccurate times.
  • Supply counts are checked every 10 seconds.